 Dungeon Crawl Stone Soup version 0.31-a0-1009-g454b1f1e0a (webtiles) character file.

Game seed: 4441960537417349133

1927 Queen the Thaumaturge (level 8, -3/41 HPs)
             Began as a Deep Elf Conjurer on Nov 16, 2023.
             Slain by a wyvern (14 damage)
             ... on level 7 of the Dungeon.
             The game lasted 00:18:27 (7133 turns).

Queen the Thaumaturge (Deep Elf Conjurer)           Turns: 7133, Time: 00:18:28

Health: -3/41      AC:  3    Str:  4    XL:     8   Next: 96%
Magic:  11/23      EV: 14    Int: 26    God:
Gold:   306        SH:  0    Dex: 13    Spells: 11/25 levels left

rFire   + . .        q - +3 falchion (heavy)
rCold   . . .        (no shield)
rNeg    . . .        v - +1 robe {Will+}
rPois   .            (no helmet)
rElec   .            (no cloak)
rCorr   .            (no gloves)
SInv    +            (no boots)
Will    +....        (no amulet)
Stlth   +++          e - ring of see invisible
HPRegen 0.26/turn    A - ring of protection from fire
MPRegen 0.18/turn

%: no passive effects
@: no status effects
A: no striking features
a: no special abilities


You were on level 7 of the Dungeon.
You visited 1 branch of the dungeon, and saw 7 of its levels.

You collected 306 gold pieces.

Inventory:

Hand Weapons
 q - a +3 heavy falchion (weapon)
 r - a +4 dagger
Missiles
 w - 3 throwing nets
Armour
 v - a +1 robe of willpower (worn)
Jewellery
 e - a ring of see invisible (left hand)
 A - a ring of protection from fire (right hand)
Wands
 k - a wand of paralysis (9)
 m - a wand of roots (13)
 n - a wand of mindburst (22)
 s - a wand of polymorph (15)
 E - a wand of flame (16)
Scrolls
 c - 2 scrolls of poison {unknown}
 f - 5 scrolls of teleportation {unknown}
 h - a scroll of blinking {unknown}
 j - 4 scrolls of enchant armour
 l - 2 scrolls of enchant weapon {unknown}
 o - 2 scrolls of fog {unknown}
 t - a scroll of torment {unknown}
 u - a scroll of brand weapon {unknown}
 y - a scroll of silence {unknown}
 z - a scroll of fear {unknown}
 C - a scroll of vulnerability {unknown}
 D - a scroll of identify {@r1}
Potions
 a - a potion of brilliance {unknown}
 b - a potion of magic
 d - 3 potions of haste
 g - a potion of ambrosia
 i - 2 potions of berserk rage
 p - 2 potions of resistance {unknown}
 x - a potion of degeneration {unknown}
 B - a potion of curing {unknown}


   Skills:
 + Level 6.0 Dodging
 + Level 6.4 Stealth
 * Level 9.4 Spellcasting
 * Level 8.7 Conjurations


You had 11 spell levels left.
You knew the following spells:

 Your Spells              Type           Power      Damage    Failure   Level
a - Dazzling Flash        Conj/Hex       70%        N/A       2%          3
c - Iskenderun's Mystic   Conj/Tloc      35%        2d8       9%          4
m - Magic Dart            Conj           100%       1d8       1%          1
p - Fulminant Prism       Conj/Hex       17%        3d10      9%          4
r - Searing Ray           Conj           100%       2d8       1%          2

Your spell library contained the following spells:

 Spells                   Type           Power      Damage    Failure   Level
 Apportation              Tloc           24%        N/A       4%          1
 Jinxbite                 Hex            24%        N/A       8%          2
 Alistair's Intoxication  Tmut/Pois      8%         N/A       80%         5


Dungeon Overview and Level Annotations

Branches:
Dungeon (7/15)             Temple (0/1) D:7

Altars:
Dithmenos
Makhleb
Okawaru
Trog

Annotations:
D:3 1 runed translucent door, Crazy Yiuf


Message History

You kill the centaur!
Your fulminant prism crackles loudly.
Your Dodging skill increases to level 6!
You now have 11/23 mp.
You hear an explosion!
You feel a bit more experienced.
You start resting.
A wyvern comes into view.
You regained 6 hp, and now have 37/41 hp.
You regained 4 mp, and now have 16/23 mp.
Aiming: Magic Dart (safe; 1% risk of failure)
Press: ? - help, Q - select action, (/) - cycle Shift-Dir - straight line, f - wyvern
Aim: a wyvern (wandering, hasn't noticed you, 100% to hit)
The magic dart hits the wyvern but does no damage.
The wyvern hisses angrily.
You now have 15/23 mp.
Casting: Magic Dart (safe; 1% risk of failure)
Confirm with . or Enter, or press ? or * to list all spells.
Aiming: Searing Ray (safe; 1% risk of failure)
Press: ? - help, Shift-Dir - straight line, f/p - wyvern
Aim: a wyvern (83% to hit)
The searing ray hits the wyvern.
The wyvern is moderately wounded. (Press . to maintain the ray.)
The wyvern bites you!
You take 14 damage, and have 23/41 hp.
MASSIVE DAMAGE!!
You now have 14/23 mp.
The searing ray hits the wyvern!
The wyvern is heavily wounded.
The wyvern bites you. x2
You take 7 damage, and have 16/41 hp.
You now have 13/23 mp.
The searing ray hits the wyvern.
The wyvern is heavily wounded.
The wyvern bites you.
* * * LOW HITPOINT WARNING * * *
You take 5 damage, and have 11/41 hp.
You now have 12/23 mp.
The searing ray hits the wyvern.
The wyvern is severely wounded.
You finish channelling your searing ray.
The wyvern bites you!
You die...

....###.#
#.....)#
#.#....###
#..#..)).#####
#. #.#.......#
# #..#....#.#
#..#.#....#
#..#..#l#.#
####..#@..#
#..#...#####
####.......# #
#.#.###.# #.
#.#.#
...#..#)..#
..)*.)....#
...o.......#
...####...##


You could see a wyvern.

Vanquished Creatures
  Eustachio (D:4)
  Menkaure (D:4)
  An ice beast (D:6)
  2 centaurs
  3 kobold brigands
  Blork the orc (D:4)
  2 bullfrogs
  A gnoll sergeant (D:6)
  3 scorpions (D:6)
  3 wights (D:7)
  2 hounds (D:5)
  A jelly (D:5)
  3 orc priests (D:7)
  An iguana (D:5)
  A sleepcap (D:6)
  3 orc wizards
  9 gnolls
  8 adders
  2 shadow imps (D:6)
  4 white imps (D:6)
  2 ufetubi (D:6)
  A worm (D:3)
  4 dart slugs
  11 orcs
  5 ball pythons
  3 endoplasms
  3 giant cockroaches
  4 goblins
  7 hobgoblins
  4 jackals (D:1)
  5 quokkas
  4 bats
  6 frilled lizards
  19 kobolds
  4 rats
134 creatures vanquished.

Vanquished Creatures (others)
  10 fulminant prisms
10 creatures vanquished.

Grand Total: 144 creatures vanquished

Notes
Turn   | Place    | Note
-------+----------+-------------------------------------------
     0 | D:1      | Queen the Deep Elf Conjurer began the quest for the Orb.
     0 | D:1      | Reached XP level 1. HP: 10/10 MP: 6/6
   327 | D:1      | Reached XP level 2. HP: 15/15 MP: 4/8
   330 | D:1      | Learned a level 2 spell: Searing Ray
   785 | D:2      | Reached XP level 3. HP: 19/19 MP: 0/10
  1188 | D:2      | Reached skill level 4 in Spellcasting
  1242 | D:2      | Reached skill level 5 in Conjurations
  1961 | D:3      | Learned a level 3 spell: Dazzling Flash
  1968 | D:3      | Reached XP level 4. HP: 24/24 MP: 9/12
  2088 | D:3      | Found a runed translucent door.
  2089 | D:3      | Noticed Crazy Yiuf
  2667 | D:4      | Noticed Menkaure
  2695 | D:4      | Killed Menkaure
  2696 | D:4      | Reached skill level 5 in Spellcasting
  2696 | D:4      | Reached XP level 5. HP: 28/28 MP: 7/14
  2772 | D:4      | Learned a level 4 spell: Fulminant Prism
  2796 | D:4      | Noticed Blork the orc
  3002 | D:4      | Noticed Eustachio
  3022 | D:4      | Killed Eustachio
  3023 | D:4      | Reached XP level 6. HP: 29/32 MP: 5/16
  3280 | D:4      | Reached skill level 6 in Spellcasting
  3365 | D:4      | Reached XP level 7. HP: 15/34 MP: 4/18
  3651 | D:4      | Killed Blork the orc
  4251 | D:5      | Entered Level 5 of the Dungeon
  4380 | D:5      | Reached skill level 7 in Spellcasting
  4438 | D:5      | Learned a level 4 spell: Iskenderun's Mystic Blast
  4497 | D:5      | Reached skill level 5 in Stealth
  5746 | D:6      | Reached skill level 5 in Dodging
  5746 | D:6      | Reached XP level 8. HP: 41/41 MP: 13/21
  6019 | D:6      | Reached skill level 8 in Spellcasting
  6612 | D:6      | Found a burning altar of Makhleb.
  6612 | D:6      | Found a shadowy altar of Dithmenos.
  6687 | D:6      | Found an iron altar of Okawaru.
  6689 | D:6      | Found a faded altar of an unknown god.
  6745 | D:6      | Found a bloodstained altar of Trog.
  6964 | D:7      | Found a staircase to the Ecumenical Temple.
  6981 | D:7      | Reached skill level 9 in Spellcasting
  7133 | D:7      | Slain by a wyvern

Illustrated notes

Levels and vault maps discovered:
D:1:      nzn_arrival_water_spiral, layout_loops_ring
D:2:      layout_loops_ring
D:3:      layout_basic, uniq_crazy_yiuf_cottage
D:4:      cheibrodos_thug_alley, layout_basic, nicolae_zig_zag_zippers,
          uniq_menkaure, uniq_eustachio, uniq_blork_the_orc
D:5:      layout_gridville
D:6:      wad_crossroads, layout_basic, chequers_temple_overflow_minitemple
D:7:      layout_loops_corners, minmay_temple_entry_waves,
          hangedman_abyss_or_decor_stagger

Skill      XL: |  1  2  3  4  5  6  7  8 |
---------------+-------------------------+-----
Stealth        | 3 4 5 6 |  6.4
Spellcasting   | 4 5 6 7 9 |  9.4
Conjurations   | 5 6 7 8 |  8.7
Dodging        | 3 4 5 6 |  6.0

Action                     |  1- 3 |  4- 6 |  7- 9 || total
---------------------------+-------+-------+-------++-------
  Melee: Unarmed           |     2 |       |       ||     2
         Falchion          |       |     1 |     7 ||     8
   Cast: Magic Dart        |    70 |    45 |   110 ||   225
         Searing Ray       |     3 |    11 |    23 ||    37
         Fulminant Prism   |       |       |    10 ||    10
    Use: Scroll            |     2 |     1 |     1 ||     4
   Stab: Sleeping          |       |       |     1 ||     1
 Armour: Robe              |     7 |    12 |    29 ||    48
  Dodge: Dodged            |     3 |    16 |    24 ||    43

Table legend: (Time is in decaauts)
 A = Elapsed time spent in this place.
 B = Non-inter-level travel time spent in this place.
 C = Inter-level travel time spent in this place.
 D = Time resting spent in this place.
 E = Time spent auto-exploring this place.
 F = Levels seen in this place.
 G = Mean time per level.
                   A        B        C        D        E       F      G
               +--------+--------+--------+--------+--------+-----+--------+
         Total |   7142 |   6728 |    414 |   1766 |   4104 |   7 | 1020.3 |
       Dungeon |   7142 |   6728 |    414 |   1766 |   4104 |   7 | 1020.3 |
               +--------+--------+--------+--------+--------+-----+--------+

Top non-repeatable levels by time:
     D:3: 1400 daAuts
     D:4: 1373 daAuts
     D:5: 1338 daAuts
     D:6: 1196 daAuts
     D:1: 853 daAuts
     D:2: 630 daAuts
     D:7: 349 daAuts
